 Dungeon Crawl Stone Soup version 0.32-a0-290-g598725c5f2 (webtiles) character file.

Game seed: 17920810899663577741

54 zazu2006 the Fighter (level 3, -8/38 HPs)
             Began as a Gnoll Wanderer on Feb 13, 2024.
             Mangled by Sigmund
             ... wielding a +0 scythe
              (11 damage)
             ... on level 3 of the Dungeon.
             The game lasted 00:02:55 (579 turns).

zazu2006 the Fighter (Gnoll Wanderer)                Turns: 579, Time: 00:02:56

Health: -8/38      AC:  5    Str: 10 (13) XL:     3   Next: 91%
Magic:  5/5        EV: 12    Int:  8 (9)  God:
Gold:   46         SH:  0    Dex: 12 (13) Spells: 4/4 levels left

rFire   . . .        a - +1 hand axe
rCold   . . .        (no shield)
rNeg    . . .        b - +2 leather armour
rPois   .            (no helmet)
rElec   .            (no cloak)
rCorr   .            (no gloves)
SInv    .            (no boots)
Will    .....        (no amulet)
Stlth   +            (no ring)
HPRegen 0.26/turn    (no ring)
MPRegen 0.09/turn

%: no passive effects
@: no status effects
A: fangs 1, strong nose, distributed training
a: no special abilities


You were on level 3 of the Dungeon.
You visited 1 branch of the dungeon, and saw 3 of its levels.

You collected 46 gold pieces.

Inventory:

Hand Weapons
 a - a +1 hand axe (weapon)
Armour
 b - a +2 leather armour (worn)
Jewellery
 j - a ring of willpower
Scrolls
 d - a scroll of torment {unknown}
 e - a scroll of fear {unknown}
 f - a scroll of noise {unknown}
 h - 2 scrolls of enchant weapon {unknown}


   Skills:
 + Level 8.5 Fighting
 + Level 1.0 Short Blades
 + Level 1.0 Long Blades
 + Level 2.7 Axes
 + Level 1.0 Maces & Flails
 + Level 1.0 Polearms
 + Level 1.0 Staves
 + Level 1.0 Ranged Weapons
 + Level 2.7 Throwing
 + Level 1.0 Armour
 + Level 4.6 Dodging
 + Level 1.0 Stealth
 + Level 1.0 Shields
 + Level 1.0 Unarmed Combat
 + Level 1.0 Spellcasting
 + Level 0.7 Conjurations
 + Level 0.7 Hexes
 + Level 0.7 Summonings
 + Level 0.7 Necromancy
 + Level 0.7 Translocations
 + Level 0.7 Fire Magic
 + Level 0.7 Ice Magic
 + Level 0.7 Air Magic
 + Level 0.7 Earth Magic
 + Level 0.7 Alchemy
 + Level 2.7 Invocations
 + Level 2.7 Evocations
 + Level 0.9 Shapeshifting


You had 4 spell levels left.
You didn't know any spells.
Your spell library was empty.

Dungeon Overview and Level Annotations

Branches:
Dungeon (3/15)

Altars:
Sif Muna

Shops:
D:1 [

Annotations:
D:3 Sigmund


Innate Abilities, Weirdness & Mutations

You have very sharp teeth.
Your uncanny sense of smell can sniff out nearby items.
Your experience applies equally to all skills.


Message History

You hear some strange, mumbled words.
A puff of flame appears from out of thin air!
The puff of flame hits you!
You barely miss something.
You hear some strange, mumbled words.
Something tries to affect you, but you resist.
You slash something! Your bite misses something. Something hits you!
You closely miss something. Something barely misses you.
You miss something. Something hits you.
You hit something but do no damage. Something hits you!
* * * LOW HITPOINT WARNING * * *
You feel much better.
You miss something. Something hits you but does no damage.
You miss something. Something hits you.
You aren't carrying any items that you can evoke.
You hit something.
You hear some strange, mumbled words.
You are confused.
Found a short iron wand.
Something hits you. Something hits you. Something hits you.
You completely miss something.
You feel less confused. Something hits you! Something barely misses you.
It was a potion of magic.
Magic courses through your body.
You barely miss something. Something hits you!
* * * LOW HITPOINT WARNING * * *
You miss something. Something hits you.
* * * LOW HITPOINT WARNING * * *
It was a potion of degeneration.
There was something very wrong with that liquid.
You feel weakened.
You feel dopey.
You feel clumsy.
You miss something. You bite something. Something hits you.
* * * LOW HITPOINT WARNING * * *
You barely miss something. Something hits you but does no damage.
You barely miss something. Something hits you but does no damage.
You hit something but do no damage. Your bite misses something.
Something hits you!
You die...

###### # #....# #
#....# # ####
####....#### ...
............
#.###+######+###.###
+.......)......#...#
##.{...........###.#
#..@...............#
#......(.........######
#$..##............#
#... #............#
/... ############## ###


There were no monsters in sight!

Vanquished Creatures
  2 adders (D:2)
  An endoplasm (D:2)
  A giant cockroach (D:3)
  A goblin (D:2)
  3 hobgoblins (D:1)
  2 quokkas (D:1)
  3 ball pythons (D:1)
  5 bats
  A frilled lizard (D:1)
  A rat (D:2)
20 creatures vanquished.

Notes
Turn   | Place    | Note
-------+----------+-------------------------------------------
     0 | D:1      | zazu2006 the Gnoll Wanderer began the quest for the Orb.
     0 | D:1      | zazu2006 set off with the following items: a +1 hand axe, a
                  | +2 leather armour, a potion of heal wounds.
     0 | D:1      | Reached XP level 1. HP: 26/26 MP: 2/2
   166 | D:1      | Reached XP level 2. HP: 33/33 MP: 3/3
   230 | D:1      | Found Gaitt's Armour Emporium.
   286 | D:1      | Reached XP level 3. HP: 32/38 MP: 4/4
   409 | D:2      | Reached skill level 1 in Short Blades
   409 | D:2      | Reached skill level 1 in Long Blades
   409 | D:2      | Reached skill level 1 in Maces & Flails
   409 | D:2      | Reached skill level 1 in Polearms
   409 | D:2      | Reached skill level 1 in Staves
   409 | D:2      | Reached skill level 1 in Ranged Weapons
   409 | D:2      | Reached skill level 1 in Armour
   409 | D:2      | Reached skill level 1 in Stealth
   409 | D:2      | Reached skill level 1 in Shields
   409 | D:2      | Reached skill level 1 in Unarmed Combat
   409 | D:2      | Reached skill level 1 in Spellcasting
   441 | D:2      | Found a shimmering blue altar of Sif Muna.
   549 | D:3      | Noticed Sigmund
   579 | D:3      | Mangled by Sigmund

Illustrated notes

Levels and vault maps discovered:
D:1:      tarquinn_simple_flora_water_c, layout_basic, serial_shops,
          nicolae_lakefront_shop, minivault_26, minmay_pentomino_x2
D:2:      layout_loops_ring, basic_altar
D:3:      minmay_evil_eye, layout_basic, mainiacjoe_overflow_paths,
          gammafunk_ghost_smash, minmay_misc_feat_tiny, uniq_natasha,
          uniq_sigmund

Skill      XL: |  1  2  3 |
---------------+----------+-----
Short Blades   | 1 |  1.0
Long Blades    | 1 |  1.0
Maces & Flails | 1 |  1.0
Polearms       | 1 |  1.0
Staves         | 1 |  1.0
Ranged Weapons | 1 |  1.0
Armour         | 1 |  1.0
Stealth        | 1 |  1.0
Shields        | 1 |  1.0
Unarmed Combat | 1 |  1.0
Spellcasting   | 1 |  1.0
Fighting       | |  8.5
Axes           | |  2.7
Throwing       | |  2.7
Dodging        | |  4.6
Conjurations   | |  0.7
Hexes          | |  0.7
Summonings     | |  0.7
Necromancy     | |  0.7
Translocations | |  0.7
Fire Magic     | |  0.7
Ice Magic      | |  0.7
Air Magic      | |  0.7
Earth Magic    | |  0.7
Alchemy        | |  0.7
Invocations    | |  2.7
Evocations     | |  2.7
Shapeshifting  | |  0.9

Action                     || total
---------------------------++-------
  Melee: Hand axe          ||    78
         Bite              ||     5
    Use: Potion            ||     3
   Stab: Sleeping          ||     1
 Armour: Leather armour    ||    50
  Dodge: Dodged            ||    59

Table legend: (Time is in decaauts)
 A = Elapsed time spent in this place.
 B = Non-inter-level travel time spent in this place.
 C = Inter-level travel time spent in this place.
 D = Time resting spent in this place.
 E = Time spent auto-exploring this place.
 F = Levels seen in this place.
 G = Mean time per level.
                   A        B        C        D        E       F      G
               +--------+--------+--------+--------+--------+-----+--------+
         Total |    592 |    592 |      0 |      0 |    364 |   3 |  197.3 |
       Dungeon |    592 |    592 |      0 |      0 |    364 |   3 |  197.3 |
               +--------+--------+--------+--------+--------+-----+--------+

Top non-repeatable levels by time:
     D:1: 298 daAuts
     D:2: 223 daAuts
     D:3: 70 daAuts
